 Dungeon Crawl Stone Soup version 0.26-a0-720-g2a1d101370 (webtiles) character file.

Game seed: 15546824671691491050

486 jestyr24 the Conjurer (level 6, -2/32 HPs)
             Began as a Deep Elf Conjurer on Nov 3, 2020.
             Slain by an orc priest
             ... wielding a +0 flail
              (12 damage)
             ... on level 3 of the Dungeon.
             The game lasted 00:18:51 (3305 turns).

jestyr24 the Conjurer (Deep Elf Conjurer)           Turns: 3305, Time: 00:18:52

Health: -2/32      AC:  4    Str:  4    XL:     6   Next: 89%
Magic:  12/16      EV: 13    Int: 25    God:
Gold:   171        SH:  0    Dex: 13    Spells: 13/16 levels left

rFire    + . .     SeeInvis .   e - +0 hand crossbow
rCold    . . .     Faith    .   (no shield)
rNeg     . . .     Spirit   .   k - +1 robe {rF+}
rPois    .         Reflect  .   w - +0 helmet
rElec    .         Harm     .   (no cloak)
rCorr    .         Rampage  .   (no gloves)
MR       .....                  (no boots)
Stlth    ++........             (no amulet)
HPRegen  0.10/turn              (no ring)
MPRegen  0.15/turn              (no ring)

@: no status effects
A: no striking features
a: no special abilities


You were on level 3 of the Dungeon.
You visited 1 branch of the dungeon, and saw 4 of its levels.

You collected 171 gold pieces.

Inventory:

Hand Weapons
 e - a +0 hand crossbow (weapon)
 h - a +0 dagger of venom
 m - a +0 spear
Missiles
 b - 21 stones
 f - 40 bolts (quivered)
 n - 16 poisoned darts
 p - 4 silver javelins
Armour
 a - a +0 robe
 k - a +1 robe of fire resistance (worn)
 w - a +0 helmet (worn)
Scrolls
 c - a scroll of fog {unknown}
 d - a scroll of teleportation {unknown}
 g - a scroll of remove curse {unknown}
 i - a scroll of enchant weapon {unknown}
 s - a scroll of fear {unknown}
Potions
 j - 2 potions of heal wounds {unknown}
 l - a potion of stabbing {unknown}
 o - a potion of resistance {unknown}
 r - a potion of berserk rage {unknown}
 u - a potion of cancellation {unknown}


   Skills:
 * Level 0.4 Crossbows
 + Level 2.7 Dodging
 * Level 3.8 Stealth
 * Level 5.6 Spellcasting
 * Level 7.5 Conjurations


You had 13 spell levels left.
You knew the following spells:

 Your Spells              Type           Power        Failure   Level
a - Magic Dart            Conj           ####         1%          1
b - Searing Ray           Conj           #####.       1%          2

Your spell library contained the following spells:

 Spells                   Type           Power        Failure   Level
 Dazzling Flash           Conj/Hex       ####..       4%          3
 Fulminant Prism          Conj/Hex       ####......   16%         4
 Iskenderun's Mystic Bla  Conj/Tloc      ####....     16%         4


Dungeon Overview and Level Annotations

Branches:
Dungeon (4/15)
 Temple: D:4-7

Altars:


Message History

Confirm with . or Enter, or press ? or * to list all spells.
Aiming: Searing Ray (safe; 1% risk of failure)
Press: ? - help, Shift-Dir - straight line, f - jackal
Aim: a jackal The searing ray misses the jackal.
The searing ray hits the orc!
You kill the orc! (Press . to maintain the ray.)
The jackal bites you. The jackal barely misses you.
The searing ray hits the jackal!
You kill the jackal!
The searing ray hits the orc priest!
The orc priest is heavily wounded.
The searing ray hits the jackal!
You kill the jackal!
The jackal misses you.
The searing ray hits the orc priest but does no damage.
The orc priest is heavily wounded.
The jackal bites you.
The orc priest hits you with a +0 flail!
You die...

........########## ###
........)........#
.....#.#########.################
.......# #.#...............
....############.#.##############
....)...........†..# ##.
#...............)### #..
#.....♣...######o# ##.
.....♣.♣..# #@# #. ....♣._.♣.#
#h# #. .....♣.♣..######B# #.
......♣..........# #.
..........######.# #. ...##.#####
#.# #. #..##.### #.# #. <.......#
#.# #. ##..).#.# ###[# #.


You could see a worker ant, an orc priest and a jackal.

Vanquished Creatures
  Sigmund (D:3)
  A scorpion (D:2)
  A hound (D:2)
  Jessica (D:2)
  2 worker ants (D:3)
  3 gnolls (D:3)
  6 adders
  3 worms (D:2)
  A dart slug (D:1)
  2 leopard geckos
  4 orcs (D:3)
  5 giant cockroaches
  5 goblins
  10 hobgoblins
  7 jackals
  6 kobolds
  A quokka (D:2)
  A ball python (D:3)
  3 bats
  4 frilled lizards
  5 rats
72 creatures vanquished.

Vanquished Creatures (others)
  4 toadstools (D:1)
4 creatures vanquished.

Grand Total: 76 creatures vanquished

Notes
Turn   | Place    | Note
-------+----------+-------------------------------------------
     0 | D:1      | jestyr24 the Deep Elf Conjurer began the quest for the Orb.
     0 | D:1      | Reached XP level 1. HP: 10/10 MP: 6/6
   303 | D:1      | Reached XP level 2. HP: 15/15 MP: 5/8
   463 | D:1      | Reached skill level 5 in Conjurations
   763 | D:2      | Noticed Jessica
  1164 | D:1      | Learned a level 2 spell: Searing Ray
  1317 | D:2      | Reached XP level 3. HP: 19/19 MP: 6/9
  1496 | D:2      | Killed Jessica
  1496 | D:2      | Reached XP level 4. HP: 24/24 MP: 7/11
  1682 | D:2      | Reached skill level 6 in Conjurations
  1967 | D:2      | Reached XP level 5. HP: 28/28 MP: 2/13
  2376 | D:3      | Found a faded altar of an unknown god.
  2399 | D:3      | Noticed Sigmund
  2402 | D:3      | Killed Sigmund
  2402 | D:3      | Reached skill level 5 in Spellcasting
  2402 | D:3      | Reached skill level 7 in Conjurations
  2402 | D:3      | Reached XP level 6. HP: 32/32 MP: 6/15
  3305 | D:3      | Slain by an orc priest

Illustrated notes

Levels and vault maps discovered:
D:1:      ldierk_walled_garden_2, layout_basic, kennysheep_small_spiral
D:2:      layout_basic, uniq_jessica
D:3:      layout_loops_ring, chequers_ecumenical_altar_simple_redux,
          uniq_sigmund
D:4:      layout_rooms, ashenzari_conservatory_becter, serial_shops, shop,
          lemuel_angel_altar

Skill      XL: |  1  2  3  4  5 |
---------------+----------------+-----
Conjurations   | 5 6 7 |  7.5
Stealth        | 3 |  3.8
Spellcasting   | 4 5 |  5.6
Crossbows      | |  0.4
Dodging        | |  2.7

Action                   |  1- 3 |  4- 6 || total
-------------------------+-------+-------++-------
 Cast: Magic Dart        |    54 |    42 ||    96
       Searing Ray       |     5 |    20 ||    25
Armor: Robe              |     1 |     6 ||     7
Dodge: Dodged            |    10 |    20 ||    30

Table legend: (Time is in decaauts)
 A = Elapsed time spent in this place.
 B = Non-inter-level travel time spent in this place.
 C = Inter-level travel time spent in this place.
 D = Time resting spent in this place.
 E = Time spent auto-exploring this place.
 F = Levels seen in this place.
 G = Mean time per level.
                   A        B        C        D        E       F      G
               +--------+--------+--------+--------+--------+-----+--------+
         Total |   3312 |   3128 |    184 |   1131 |   1239 |   4 |  828.0 |
       Dungeon |   3312 |   3128 |    184 |   1131 |   1239 |   4 |  828.0 |
               +--------+--------+--------+--------+--------+-----+--------+

Top non-repeatable levels by time:
     D:1: 1211 daAuts
     D:3: 1158 daAuts
     D:2: 933 daAuts
     D:4: 10 daAuts
